TOP OF THE 1ST |
Fresno Grizzlies batting - Pitching for Stockton Ports : LHP Juan Corrales
|
Pitching: LHP Juan Corrales
|
|
Batting: RHB Mike Jirschele
|
0-0: Ground out 4-3 (Groundball, 4M, EV 82.5 MPH)
|
Batting: RHB Tom Johnson
|
0-0: Swinging Strike 0-1: Ball 1-1: Foul Ball, location: 2F 1-2: Ball 2-2: Foul Ball, location: 2F 2-2: Ball 3-2: Strikes out swinging
|
Batting: RHB Chris Fernandez
|
0-0: Ball 1-0: Called Strike 1-1: Ball 2-1: Swinging Strike 2-2: Ball 3-2: SINGLE (Flyball, 6D, EV 90.0 MPH)
|
Batting: LHB William Metil
|
0-0: Ball 1-0: Ball 2-0: Ball 3-0: Called Strike 3-1: Fly out, F7 (Line Drive, 7, EV 97.5 MPH)
|
Top of the 1st over - 0 runs, 1 hit, 0 errors, 1 left on base; Fresno 0 - Stockton 0 |
BOTTOM OF THE 1ST |
Stockton Ports batting - Pitching for Fresno Grizzlies : LHP Zane Smith
|
Pitching: LHP Zane Smith
|
|
Batting: RHB Ramon Valdez
|
0-0: Ball 1-0: Ball 2-0: Foul Ball, location: 2F 2-1: Ball 3-1: Base on Balls
|
Batting: RHB Eddie Lee
|
0-0: Ball 1-0: Ball 2-0: Ball 3-0: Called Strike 3-1: Foul Ball, location: 2F 3-2: Strikes out swinging Ramon Valdez steals 2nd base Batter strikes out.
|
Batting: RHB Pasquale Raimondo
|
0-0: Ball 1-0: Called Strike 1-1: Swinging Strike 1-2: Ground out 4-3 (Groundball, 4S, EV 90.6 MPH) Ramon Valdez to third
|
Batting: RHB Timothy Presko
|
0-0: Called Strike 0-1: Called Strike 0-2: Ball 1-2: Fly out, F9 (Flyball, 9LS, EV 83.1 MPH)
|
Bottom of the 1st over - 0 runs, 0 hits, 0 errors, 1 left on base; Fresno 0 - Stockton 0 |
TOP OF THE 2ND |
Fresno Grizzlies batting - Pitching for Stockton Ports : LHP Juan Corrales
|
Batting: LHB Ron Oddo
|
0-0: Ball 1-0: SINGLE (Groundball, 3D, EV 97.5 MPH)
|
Batting: RHB Ivan Mesa
|
0-0: Fly out, F8 (Flyball, 8RS, EV 91.9 MPH)
|
Batting: LHB Roger Hill
|
0-0: Ball 1-0: Foul Ball, location: 2F 1-1: Called Strike 1-2: Strikes out swinging
|
Batting: RHB Emilio Carrasquel
|
0-0: Ball 1-0: Foul Ball, location: 2F 1-1: Ground out 5-3 (Groundball, 56S, EV 63.1 MPH)
|
Top of the 2nd over - 0 runs, 1 hit, 0 errors, 1 left on base; Fresno 0 - Stockton 0 |
BOTTOM OF THE 2ND |
Stockton Ports batting - Pitching for Fresno Grizzlies : LHP Zane Smith
|
Batting: SHB Jose Mercado
|
0-0: Ball 1-0: Ball 2-0: Ball 3-0: Called Strike 3-1: Base on Balls
|
Batting: LHB Daniel Hoskins
|
0-0: Fielders Choice at 2nd, 4-6 (Groundball, 34, EV 85.0 MPH)
|
Batting: RHB Steven Roeder
|
0-0: Ball 1-0: Called Strike 1-1: Grounds into double play, 6-4-3 (Groundball, 6M, EV 88.8 MPH)
|
Bottom of the 2nd over - 0 runs, 0 hits, 0 errors, 0 left on base; Fresno 0 - Stockton 0 |
TOP OF THE 3RD |
Fresno Grizzlies batting - Pitching for Stockton Ports : LHP Juan Corrales
|
Batting: LHB Russ Aldrich
|
0-0: Called Strike 0-1: Ball 1-1: SOLO HOME RUN (Flyball, 9D, EV 100.0 MPH), Distance : 354 ft
|
Batting: RHB Mike Jirschele
|
0-0: Ball 1-0: Ball 2-0: Swinging Strike 2-1: Swinging Strike 2-2: Foul Ball, location: 2F 2-2: Strikes out looking
|
Batting: RHB Tom Johnson
|
0-0: Called Strike 0-1: Fly out, F8 (Flyball, 78D, EV 96.9 MPH)
|
Batting: RHB Chris Fernandez
|
0-0: Called Strike 0-1: Foul Ball, location: 2F 0-2: Ground out 6-3 (Groundball, 6, EV 76.3 MPH)
|
Top of the 3rd over - 1 run, 1 hit, 0 errors, 0 left on base; Fresno 1 - Stockton 0 |
BOTTOM OF THE 3RD |
Stockton Ports batting - Pitching for Fresno Grizzlies : LHP Zane Smith
|
Batting: LHB Mike Ashman
|
0-0: Called Strike 0-1: Ground out 4-3 (Groundball, 4MD, EV 103.8 MPH)
|
Batting: SHB Mike Hennessy
|
0-0: Called Strike 0-1: Ball 1-1: Called Strike 1-2: Foul Ball, location: 2F 1-2: Ball 2-2: Ground out 5-3 (Groundball, 56, EV 100.6 MPH)
|
Batting: RHB Ramon Valdez
|
0-0: Ball 1-0: Ball 2-0: Called Strike 2-1: Foul Ball, location: 2F 2-2: Foul Ball, location: 2F 2-2: Ball 3-2: Base on Balls
|
Batting: RHB Eddie Lee
|
0-0: Ball 1-0: Called Strike 1-1: Ball 2-1: Foul Ball, location: 2F 2-2: SINGLE (Groundball, 6MD, EV 98.8 MPH) Ramon Valdez to second Runner from 2nd tries for 3rd, SAFE, throw by CF made to third
|
Batting: RHB Pasquale Raimondo
|
0-0: Called Strike 0-1: Ball 1-1: Called Strike Eddie Lee steals 2nd base (no throw) 1-2: Fly out, F3 (Popup, 23F, EV 93.1 MPH)
|
Bottom of the 3rd over - 0 runs, 1 hit, 0 errors, 2 left on base; Fresno 1 - Stockton 0 |
TOP OF THE 4TH |
Fresno Grizzlies batting - Pitching for Stockton Ports : LHP Juan Corrales
|
Batting: LHB William Metil
|
0-0: Ball 1-0: Ball 2-0: Fly out, F4 (Line Drive, 4, EV 70.6 MPH)
|
Batting: LHB Ron Oddo
|
0-0: Foul Ball, location: 2F 0-1: Swinging Strike 0-2: Fly out, F9 (Flyball, 9, EV 95.6 MPH)
|
Batting: RHB Ivan Mesa
|
0-0: SINGLE (Groundball, 6MS, EV 70.0 MPH) (infield hit)
|
Batting: LHB Roger Hill
|
0-0: Ball 1-0: Fly out, F8 (Flyball, 8LD, EV 107.5 MPH)
|
Top of the 4th over - 0 runs, 1 hit, 0 errors, 1 left on base; Fresno 1 - Stockton 0 |
BOTTOM OF THE 4TH |
Stockton Ports batting - Pitching for Fresno Grizzlies : LHP Zane Smith
|
Batting: RHB Timothy Presko
|
0-0: Ball 1-0: Foul Ball, location: 2F 1-1: Foul Ball, location: 2F 1-2: Ball 2-2: Ball 3-2: Ground out 5-3 (Groundball, 56S, EV 83.8 MPH)
|
Batting: SHB Jose Mercado
|
0-0: Ball 1-0: Fly out, F8 (Flyball, 8LXD, EV 99.4 MPH)
|
Batting: LHB Daniel Hoskins
|
0-0: Called Strike 0-1: Ball 1-1: Ground out 4-3 (Groundball, 4, EV 110.0 MPH)
|
Bottom of the 4th over - 0 runs, 0 hits, 0 errors, 0 left on base; Fresno 1 - Stockton 0 |
TOP OF THE 5TH |
Fresno Grizzlies batting - Pitching for Stockton Ports : LHP Juan Corrales
|
Batting: RHB Emilio Carrasquel
|
0-0: Ball 1-0: Ball 2-0: Called Strike 2-1: Fly out, F8 (Flyball, 8LD, EV 98.1 MPH)
|
Batting: LHB Russ Aldrich
|
0-0: Ball 1-0: Ball 2-0: Ball 3-0: Called Strike 3-1: Ground out 4-3 (Groundball, 4, EV 92.5 MPH)
|
Batting: RHB Mike Jirschele
|
0-0: Ball 1-0: DOUBLE (Line Drive, 8RXD, EV 103.8 MPH)
|
Batting: RHB Tom Johnson
|
0-0: Ball 1-0: Foul Ball, location: 2F 1-1: Swinging Strike 1-2: Ball Wild Pitch! Mike Jirschele to third 2-2: Strikes out looking
|
Top of the 5th over - 0 runs, 1 hit, 0 errors, 1 left on base; Fresno 1 - Stockton 0 |
BOTTOM OF THE 5TH |
Stockton Ports batting - Pitching for Fresno Grizzlies : LHP Zane Smith
|
Batting: RHB Steven Roeder
|
0-0: Called Strike 0-1: Swinging Strike 0-2: Strikes out swinging
|
Batting: LHB Mike Ashman
|
0-0: Ball 1-0: Fly out, F8 (Flyball, 8RM, EV 90.0 MPH)
|
Batting: SHB Mike Hennessy
|
0-0: Called Strike 0-1: Ball 1-1: Ground out 3-1 (Groundball, 34, EV 88.8 MPH)
|
Bottom of the 5th over - 0 runs, 0 hits, 0 errors, 0 left on base; Fresno 1 - Stockton 0 |
TOP OF THE 6TH |
Fresno Grizzlies batting - Pitching for Stockton Ports : LHP Juan Corrales
|
Batting: RHB Chris Fernandez
|
0-0: Fly out, F7 (Line Drive, 7, EV 92.5 MPH)
|
Batting: LHB William Metil
|
0-0: Ball 1-0: Fly out, F8 (Flyball, 78M, EV 80.6 MPH)
|
Batting: LHB Ron Oddo
|
0-0: Called Strike 0-1: Ball 1-1: SINGLE (Groundball, 56D, EV 105.6 MPH)
|
Batting: RHB Ivan Mesa
|
0-0: Ball 1-0: Foul Ball, location: 2F 1-1: Foul Ball, location: 2F 1-2: Foul Ball, location: 2F 1-2: Ball Wild Pitch! Ron Oddo to second 2-2: Ground out 6-3 (Groundball, 6S, EV 88.1 MPH)
|
Top of the 6th over - 0 runs, 1 hit, 0 errors, 1 left on base; Fresno 1 - Stockton 0 |
BOTTOM OF THE 6TH |
Stockton Ports batting - Pitching for Fresno Grizzlies : LHP Zane Smith
|
Batting: RHB Ramon Valdez
|
0-0: Ground out 5-3 (Groundball, 5, EV 83.8 MPH)
|
Batting: RHB Eddie Lee
|
0-0: Swinging Strike 0-1: Ball 1-1: Foul Ball, location: 2F 1-2: Ball 2-2: Foul Ball, location: 2F 2-2: Fly out, F8 (Flyball, 8RD, EV 91.3 MPH)
|
Batting: RHB Pasquale Raimondo
|
0-0: Ball 1-0: Ground out 2-3 (Groundball, 2L, EV 68.8 MPH)
|
Bottom of the 6th over - 0 runs, 0 hits, 0 errors, 0 left on base; Fresno 1 - Stockton 0 |
TOP OF THE 7TH |
Fresno Grizzlies batting - Pitching for Stockton Ports : LHP Juan Corrales
|
Batting: LHB Roger Hill
|
0-0: Called Strike 0-1: Ground out U3 (Groundball, 13, EV 85.6 MPH)
|
Batting: RHB Emilio Carrasquel
|
0-0: Foul Ball, location: 2F 0-1: Ball 1-1: Ball 2-1: Foul Ball, location: 2F 2-2: Strikes out swinging
|
Batting: LHB Russ Aldrich
|
0-0: Called Strike 0-1: Foul Ball, location: 2F 0-2: Ball 1-2: Foul Ball, location: 2F 1-2: Strikes out swinging
|
Top of the 7th over - 0 runs, 0 hits, 0 errors, 0 left on base; Fresno 1 - Stockton 0 |
BOTTOM OF THE 7TH |
Stockton Ports batting - Pitching for Fresno Grizzlies : LHP Zane Smith
|
Batting: RHB Timothy Presko
|
0-0: Called Strike 0-1: Ball 1-1: Swinging Strike 1-2: Ground out 6-3 (Groundball, 56, EV 86.9 MPH)
|
Batting: SHB Jose Mercado
|
0-0: SINGLE (Groundball, 6MD, EV 95.0 MPH)
|
Pinch Hitting: RHB Johnny Salery
|
0-0: Ball 1-0: Foul Ball, location: 2F 1-1: Ball 2-1: Foul Ball, location: 2F 2-2: Strikes out swinging
|
Pitching: LHP Steven King
|
|
Pinch Hitting: RHB Mark Jurena
|
0-0: Ball 1-0: Ball 2-0: Called Strike 2-1: Fly out, F8 (Line Drive, 8LM, EV 94.4 MPH)
|
Bottom of the 7th over - 0 runs, 1 hit, 0 errors, 1 left on base; Fresno 1 - Stockton 0 |
TOP OF THE 8TH |
Fresno Grizzlies batting - Pitching for Stockton Ports : LHP Juan Corrales
|
Now at 3B: Pete Leppert
|
|
Now in LF: Erik Peterson
|
|
Batting: RHB Mike Jirschele
|
0-0: SINGLE (Groundball, 56D, EV 95.0 MPH)
|
Batting: RHB Tom Johnson
|
0-0: Called Strike 0-1: Ball 1-1: Called Strike 1-2: Ball 2-2: DOUBLE (Flyball, 8RXD, EV 95.6 MPH) Mike Jirschele to third
|
Batting: RHB Chris Fernandez
|
0-0: Ball 1-0: SINGLE (Groundball, 6D, EV 108.8 MPH) Mike Jirschele scores Tom Johnson to third Runner from 3rd tries for Home, throw by CF and OUT! 8-2
|
Batting: LHB William Metil
|
0-0: Called Strike 0-1: Fielders Choice at 2nd, 3-6 (Groundball, 3, EV 102.5 MPH)
|
Batting: LHB Ron Oddo
|
0-0: Called Strike 0-1: Ball William Metil steals 2nd base (no throw) 1-1: SINGLE (Line Drive, 78S, EV 95.6 MPH) William Metil to third Runner from 3rd tries for Home, SAFE, throw by CF to home
|
Batting: RHB Ivan Mesa
|
0-0: Ball Wild Pitch! Ron Oddo to second 1-0: Intentional Walk
|
Batting: LHB Roger Hill
|
0-0: Ball 1-0: Foul Ball, location: 2F 1-1: Ball 2-1: Ball 3-1: Base on Balls Ron Oddo to third Ivan Mesa to second
|
Batting: RHB Emilio Carrasquel
|
0-0: Ball 1-0: Ball 2-0: Called Strike 2-1: Called Strike 2-2: Strikes out swinging
|
Top of the 8th over - 2 runs, 4 hits, 0 errors, 3 left on base; Fresno 3 - Stockton 0 |
BOTTOM OF THE 8TH |
Stockton Ports batting - Pitching for Fresno Grizzlies : LHP Steven King
|
Batting: LHB Mike Ashman
|
0-0: Ground out 6-3 (Groundball, 6, EV 98.1 MPH)
|
Batting: SHB Mike Hennessy
|
0-0: Called Strike 0-1: Ground out 5-3 (Groundball, 56, EV 84.4 MPH)
|
Batting: RHB Ramon Valdez
|
0-0: Called Strike 0-1: Fly out, F8 (Flyball, 8LD, EV 94.4 MPH)
|
Bottom of the 8th over - 0 runs, 0 hits, 0 errors, 0 left on base; Fresno 3 - Stockton 0 |
TOP OF THE 9TH |
Fresno Grizzlies batting - Pitching for Stockton Ports : LHP Juan Corrales
|
Pitching: RHP Harry Wise
|
|
Batting: LHB Russ Aldrich
|
0-0: Ball 1-0: Ground out U3 (Groundball, 34, EV 86.3 MPH)
|
Batting: RHB Mike Jirschele
|
0-0: Ball 1-0: Ball 2-0: Ball 3-0: Called Strike 3-1: Base on Balls
|
Batting: RHB Tom Johnson
|
0-0: Ball 1-0: Called Strike 1-1: Ball 2-1: Ball 3-1: Fielders Choice at 2nd, 6-4 (Groundball, 6, EV 103.8 MPH)
|
Batting: RHB Chris Fernandez
|
0-0: Ball 1-0: Ball 2-0: Foul Ball, location: 2F 2-1: Called Strike 2-2: Strikes out swinging
|
Top of the 9th over - 0 runs, 0 hits, 0 errors, 1 left on base; Fresno 3 - Stockton 0 |
BOTTOM OF THE 9TH |
Stockton Ports batting - Pitching for Fresno Grizzlies : LHP Steven King
|
Batting: RHB Eddie Lee
|
0-0: Called Strike 0-1: Ball 1-1: DOUBLE (Flyball, 8RXD, EV 98.8 MPH)
|
Batting: RHB Pasquale Raimondo
|
0-0: Called Strike 0-1: Swinging Strike 0-2: Foul Ball, location: 2F 0-2: Foul Ball, location: 2F 0-2: Foul Ball, location: 2F 0-2: Strikes out swinging
|
Batting: RHB Timothy Presko
|
0-0: Swinging Strike 0-1: Swinging Strike 0-2: Ball 1-2: Ground out 5-3 (Groundball, 56, EV 106.3 MPH)
|
Batting: SHB Jose Mercado
|
0-0: Ball 1-0: Called Strike 1-1: Called Strike 1-2: Ball 2-2: DOUBLE (Line Drive, 9LM, EV 93.1 MPH) Eddie Lee scores
|
Pitching: RHP Chuck McKinney
|
|
Batting: SHB Pete Leppert
|
0-0: Ball 1-0: Ground out U3 (Groundball, 3, EV 86.3 MPH)
|
Bottom of the 9th over - 1 run, 2 hits, 0 errors, 1 left on base; Fresno 3 - Stockton 1 |
|